[Event "*** Titled Tuesday Blitz"]
[Site "Chess.com"]
[Date "2020.04.28"]
[Round "8"]
[White "Angry_Twin"]
[Black "Guenplen"]
[Result "1-0"]
[WhiteElo "2809"]
[BlackElo "2941"]
[TimeControl "180+1"]
[EndTime "11:37:04 PDT"]
[Termination "Angry_Twin won on time"]

1. e4 c5 2. Nf3 e6 3. d4 cxd4 4. Nxd4 Nf6 5. Nc3 Nc6 6. Nxc6 bxc6 7. e5 Nd5 8. Ne4 Bb7 9. Be2 c5 10. O-O Qc7 11. Nd6+ Bxd6 12. exd6 Qc6 13. f3 c4 14. Qd4 O-O 15. Bxc4 Qxd6 16. Bd3 Qb6 17. Qxb6 Nxb6 18.
Be3 Rfc8 19. b3 Nd5 20. Bd2 a5 21. c4 Nb4 22. Be2 f5 23. Rfc1 Kf7 24. a3 Nc6 25. Bc3 Ne7 26. b4 axb4 27. axb4 g5 28. b5 h5 29. Rd1 Ke8 30. Bd4 g4 31. fxg4 fxg4 32. Bf2 Nf5 33. Bd3 h4 34. Re1 Kf7 35. Rxa8 Bxa8 36. Ra1 g3 37. hxg3 hxg3 38. Bb6 Nh4 39.
Bf1 Be4 40. Ra7 Ke8 41. Bc7 Nf5 42. b6 Nd4 43. b7 Bxb7 44. Rxb7 Nf5 45. Bd3 Ra8 46.
Rb8+ Rxb8 47. Bxb8 Nd4 48. Bxg3 d5 49. cxd5 exd5 50.
Kf2 Ne6 51. Ke3 Kf7 52. Bf5 Ng7 53. Bg4 Kf6 54. Bf4 Kg6 55. Kd4 Ne8 56. Bf3 Nf6 57.
Bxd5 Kf5 58. Bb8 Nh5 59. Bf3 Nf6 60. Be5 Nd7 61. Bg7 Kg6 62. Be5 Kf5 63. Bh2 Nf6 64.
g3 Nd7 65. g4+ Kg5 66. Be5 Nf8 67. Ke3 Ne6 68. Be2 Nf8 69. Bf4+ Kg6 70. Bd3+ Kg7 71. Bf5 Kf6 72. Bh6 1-0

[Event "*** Titled Tuesday Blitz"]
[Site "Chess.com"]
[Date "2020.04.28"]
[Round "8"]
[White "Sethu0025"]
[Black "Ali_rastbod"]
[Result "1-0"]
[WhiteElo "2820"]
[BlackElo "2595"]
[TimeControl "180+1"]
[EndTime "11:37:05 PDT"]
[Termination "Sethu0025 won by resignation"]

1. e4 e6 2. d4 d5 3. Nc3 Nf6 4. e5 Nfd7 5. f4 c5 6. Nf3 Nc6 7. Be3 a6 8. a3 b5 9. dxc5 Bxc5 10. Bxc5 Nxc5 11. b4 Nd7 12. Bd3 Qb6 13. Qd2 Bb7 14.
Ne2 f6 15. exf6 Nxf6 16. Nfd4 O-O 17. c3 e5 18. fxe5 Nxe5 19. O-O Ne4 20. Qe3 Nc4 21. Qh3 Rae8 22. Rf3 Rxf3 23. gxf3 Nf6 24. Kh1 Ne5 25. Bc2 Bc8 26. Qg3 Qc7 27. a4 bxa4 28. Bxa4 Re7 29. Bb3 Nc4 30. Qxc7 Rxc7 31. Nf4 Nb6 32. Rc1 Kf7 33.
Nd3 Re7 34. Kg2 Re3 35. Rd1 Nc4 36. Kf2 Re7 37. Nf4 Rc7 38. Nde2 Bb7 39. Nd3 Nd7 40.
Ndf4 Nf6 41. Ra1 Nb6 42. Ra5 g5 43. Nd3 Nbd7 44. Ra1 h5 45. Rd1 g4 46. Ndf4 gxf3 47. Kxf3 Ke7 48. Nxd5+ Nxd5 49. Bxd5 Bxd5+ 50. Rxd5 Nf6 51.
Re5+ Kf7 52. Ra5 Rc6 53. Ke3 Ng4+ 54. Kd4 Nxh2 55. Rxh5 Nf3+ 56. Ke3 Ne1 57. Ra5 Nc2+ 58. Kd2 Nxb4 59. cxb4 Rb6 60. Kc3 Ke6 61. Nd4+ Kd6 62. Nb3 Kc7 63. Nc5 Rh6 64. Rxa6 Rh3+ 65. Kc4 Rh4+ 66. Kb5 1-0

[Event "*** Titled Tuesday Blitz"]
[Site "Chess.com"]
[Date "2020.04.28"]
[Round "8"]
[White "francyIM"]
[Black "Gurvich_Vitaly"]
[Result "0-1"]
[WhiteElo "2705"]
[BlackElo "2582"]
[TimeControl "180+1"]
[EndTime "11:37:06 PDT"]
[Termination "Gurvich_Vitaly won by resignation"]

1. d4 d5 2. c4 dxc4 3. Nf3 e6 4. e3 b5 5. a4 b4 6. Bxc4 Bb7 7. a5 a6 8. Nbd2 Nd7 9. Qa4 Nf6 10. Nb3 Ne4 11. Ne5 Bd6 12. Nxd7 Qxd7 13. f3 Bc6 14. Qa2 Nf6 15. Bd2 O-O 16. Rd1 Bb5 17. Rc1 Bxc4 18. Rxc4 Qb5 19. Nc5 e5 20. Rxb4 Qc6 21. Rc4 exd4 22.
Ne4 Qd5 23. Nxf6+ gxf6 24. e4 Qe5 25. b4 f5 26. Qc2 Rfe8 27. Kd1 fxe4 28. Qxe4 Qb5 29.
Qg4+ Kh8 30. Qxd4+ Be5 31. Qc5 Qa4+ 32. Rc2 Rad8 33.
Re1 Qa1+ 34. Rc1 Qa4+ 35. Qc2 Qd7 36. Re2 Bf4 37. Qc3+ Kg8 38. Rc2 Bxh2 39. Qc4 Be5 40.
Qg4+ Qxg4 41. fxg4 Re6 42. Rc5 Rde8 43. Rc4 f6 44. Rce4 Kf7 45. g5 fxg5 46. Bxg5 Bd6 47. Rxe6 Rxe6 48. Rf2+ Kg6 49. Bd2 Re4 50. Kc2 Bxb4 51.
Kd3 Rg4 52. Bf4 Bd6 53. Bxd6 cxd6 54. Rb2 Ra4 55. Rb6 Rxa5 56. Rxd6+ Kg5 57. Ke3 h5 58.
Kf2 Ra2+ 59. Kg1 a5 60. Kh2 a4 61. Rd5+ Kg6 62. Ra5 Ra1 63. Kg3 a3 64. Kh4 a2 65.
Ra6+ Kf5 66. Ra5+ Ke4 67. Kxh5 Rh1+ 68. Kg6 a1=Q 69. Rxa1 Rxa1 70. g4 Rg1 71. Kh5 Kf4 0-1

[Event "*** Titled Tuesday Blitz"]
[Site "Chess.com"]
[Date "2020.04.28"]
[Round "8"]
[White "chessablanca"]
[Black "Quattroporte300"]
[Result "1/2-1/2"]
[WhiteElo "2442"]
[BlackElo "2303"]
[TimeControl "180+1"]
[EndTime "11:37:07 PDT"]
[Termination "Game drawn - insufficient material"]

1. g3 Nf6 2. Bg2 d5 3. d4 e6 4. Nf3 b5 5. O-O Nbd7 6. Bf4 Be7 7. a4 b4 8. a5 Ba6 9. Nbd2 c5 10. dxc5 Nxc5 11. Ne5 Rc8 12. Re1 O-O 13. Ndf3 Nfe4 14. Nd4 Bd6 15. Nec6 Qc7 16. Bxd6 Qxd6 17. Nxb4 Nb3 18.
Nxb3 Qxb4 19. c3 Qb7 20. Bxe4 dxe4 21. Qc2 Bc4 22. Nd4 Bd5 23. e3 Rb8 24. b4 Rfc8 25. Rac1 h6 26. Qe2 Bc4 27. Qg4 Bd3 28. f3 exf3 29. Qxf3 Qd7 30. e4 Bc4 31. Qe3 Rc7 32.
Nf3 Qd6 33. Red1 Qe7 34. Ne5 Bb3 35. c4 Bxd1 36. Rxd1 Qxb4 37. Qd4 Qc5 38. Qxc5 Rxc5 39. Nd7 Rbc8 40. Nxc5 Rxc5 41. Rd8+ Kh7 42. a6 Ra5 43. Rd7 Rxa6 44. Rxf7 Kg6 45. Rc7 Ra4 46. Kf2 a5 47.
Ke3 Ra3+ 48. Kd4 a4 49. Ra7 Ra2 50. Ra6 Kf6 51. c5 Rxh2 52. c6 Rc2 53. e5+ Kf5 54. Ra7 Rxc6 55. Rxa4 Rb6 56. Ra7 g5 57. Rf7+ Kg4 58.
Rf6 h5 59. Kc5 Ra6 60. Rg6 h4 61. gxh4 Kxh4 62. Kb5 Ra1 63. Rxe6 g4 64. Rg6 g3 65.
e6 Kh3 66. e7 Re1 67. Rg7 g2 68. Kc6 Rxe7 69. Rxe7 g1=Q 70. Rh7+ Kg2 71. Rg7+ Kf1 72. Rxg1+ Kxg1 1/2-1/2

[Event "*** Titled Tuesday Blitz"]
[Site "Chess.com"]
[Date "2020.04.28"]
[Round "8"]
[White "violetflower04"]
[Black "tamarozi99"]
[Result "1-0"]
[WhiteElo "2170"]
[BlackElo "1953"]
[TimeControl "180+1"]
[EndTime "11:37:07 PDT"]
[Termination "violetflower04 won by resignation"]

1. e4 c5 2. Nf3 Nc6 3. d4 cxd4 4. Nxd4 g6 5. Be3 Nf6 6. Nc3 Bg7 7. Be2 O-O 8. O-O d5 9. Nxc6 bxc6 10. exd5 cxd5 11. Bf3 Bb7 12. Bd4 Re8 13. Bxf6 Bxf6 14. Nxd5 Bxb2 15.
Rb1 Bxd5 16. Bxd5 Rb8 17. Qf3 e6 18. Bc6 Rf8 19. Rfd1 Qa5 20. a4 Qc3 21. Qxc3 Bxc3 22. Rb3 Rxb3 23. cxb3 Rb8 24. Bb5 a5 25. Rd7 Rc8 26.
Bc4 Kf8 27. Kf1 Ke8 28. Ra7 Rd8 29. Ke2 Rd2+ 30. Ke3 Rd1 31. Kf4 Bd4 32. Ra8+ Ke7 33. f3 Bc3 34. g4 h6 35. h4 Bd2+ 36. Kg3 Be1+ 37. Kh3 Kf6 38. Ra7 Bb4 39. g5+ hxg5 40.
hxg5+ Kxg5 41. Rxf7 Rh1+ 42. Kg2 Rd1 43. Bxe6 Rd2+ 44.
Kf1 Bc5 45. Bc4 Rf2+ 46. Ke1 Kh4 47. Rg7 g5 48. Be6 Rb2 49. Rh7+ Kg3 50. Bd5 Kf4 51. Kd1 Ke3 52. Kc1 Rf2 53. Rc7 Kd3 54. Rxc5 Rf1+ 55. Kb2 Rf2+ 56. Ka3 Rf1 57. Ka2 Rf2+ 58. Kb1 Rf1+ 59.
Rc1 Rf2 60. Bc4+ Kd4 61. Rd1+ Ke3 62. Rd3+ Ke2 63. Rc3+ Ke1 64. Rc1+ Kd2 65. Rc2+ Ke1 66. Rxf2 Kxf2 67. Bd5 Ke3 68. Kc2 1-0

[Event "*** Titled Tuesday Blitz"]
[Site "Chess.com"]
[Date "2020.04.28"]
[Round "8"]
[White "Xeniya2005"]
[Black "QueenOfTactics90"]
[Result "1-0"]
[WhiteElo "2254"]
[BlackElo "1941"]
[TimeControl "180+1"]
[EndTime "11:37:10 PDT"]
[Termination "Xeniya2005 won on time"]

1. e4 c5 2. Nf3 Nc6 3. d4 cxd4 4. Nxd4 g6 5. Nc3 Bg7 6. Be3 Nf6 7. Nb3 O-O 8. Be2 a6 9. a4 Nb4 10. O-O d5 11. exd5 Nfxd5 12. Nxd5 Nxd5 13. Bd4 e5 14. Bc5 Re8 15. a5 Be6 16. Bf3 f5 17. c4 Nf4 18.
Qc2 e4 19. Rfd1 Qf6 20. Bd4 Qg5 21. h4 Qxh4 22. g3 Qh3 23. Bh1 Nh5 24. Bxg7 Kxg7 25.
Nd4 Bf7 26. Ne2 f4 27. gxf4 Qg4+ 28. Bg2 Nxf4 29. Nxf4 Qxf4 30. Rd7 Re5 31. Rad1 e3 32. Qe2 exf2+ 33. Qxf2 Qxf2+ 34. Kxf2 Rf5+ 35. Kg1 Kh6 36. Rxb7 Rc8 37. Rdd7 Bxc4 38. Rxh7+ Kg5 39. Rh3 Be2 40. Rg3+ Bg4 41. Rb4 Rc1+ 42. Kh2 Rf4 43. Rxf4 Kxf4 44. Rb3 Rc2 45. Rb4+ Kg5 46. Kg3 Bf5 47. Bf3 Rd2 48. Rb6 Rc2 49. b4 Rb2 50. Rxa6 Rxb4 51. Rb6 Ra4 52.
a6 Ra3 53. Kf2 Ra2+ 54. Ke1 Kf4 55. Bd1 Ra1 56. Kd2 Ra2+ 57. Kc3 Ra1 58. Bb3 Be4 59. Rb4 Ke3 60. Ra4 Rc1+ 61. Kb2 1-0

[Event "*** Titled Tuesday Blitz"]
[Site "Chess.com"]
[Date "2020.04.28"]
[Round "8"]
[White "Batica1984"]
[Black "doons21"]
[Result "1-0"]
[WhiteElo "2804"]
[BlackElo "2631"]
[TimeControl "180+1"]
[EndTime "11:37:11 PDT"]
[Termination "Batica1984 won by resignation"]

1. e4 e6 2. d4 d5 3. Nc3 Bb4 4. e5 Ne7 5. a3 Bxc3+ 6. bxc3 c5 7. Qg4 Kf8 8. a4 Qc7 9. Qd1 Qa5 10. Bd2 Qc7 11. Nf3 b6 12. h4 Ba6 13. Bxa6 Nxa6 14. h5 h6 15. Qe2 Nb8 16. a5 bxa5 17. O-O Nbc6 18. dxc5 Kg8 19. c4 Kh7 20. Qd3+ Kg8 21. Rfb1 Rd8 22. cxd5 Rxd5 23. Qc3 Kh7 24. Bf4 Rhd8 25.
Qc4 Kh8 26. Rb5 Rd4 27. Nxd4 Rxd4 28. Qe2 Rxf4 29. Rab1 Qxe5 30. Qxe5 Nxe5 31. Rb8+ Kh7 32. R1b7 N5c6 33. Re8 Nd5 34. Rc8 Ne5 35. c6 Rc4 36. c7 g6 37. hxg6+ Kxg6 38. Rg8+ Kf6 39. c8=Q Rxc8 40.
Rxc8 Nb4 41. c3 Nbc6 42. Rbc7 Ne7 43. Rxa7 Nd5 44. Rxa5 Nd3 45. c4 Nb6 46. Rb8 Nxc4 47. Ra1 Nde5 48. g3 Nd6 49. Kg2 Nf5 50. Rb5 Nd4 51. Rba5 Nb3 52. Rxe5 Nxa1 53. Re3 Nc2 54. Re4 Na3 55. Rb4 Nc2 56. Rf4+ Kg6 57. Kf3 Na3 58.
Rb4 Nc2 59. Re4 Kg7 60. Ke2 f5 61. Rc4 Na3 62. Rc5 Kf6 63. Kd3 e5 64. Kc3 Nb1+ 65. Kc2 Na3+ 66. Kb2 Nb1 67. Kxb1 e4 68. Kc2 Kg5 69. Kd2 Kg4 70. Ke2 h5 71. Rc6 h4 72.
gxh4 Kxh4 73. Rg6 1-0

[Event "*** Titled Tuesday Blitz"]
[Site "Chess.com"]
[Date "2020.04.28"]
[Round "8"]
[White "ama18"]
[Black "tacticthunder"]
[Result "1-0"]
[WhiteElo "2482"]
[BlackElo "2641"]
[TimeControl "180+1"]
[EndTime "11:37:11 PDT"]
[Termination "ama18 won by resignation"]

1. e4 c5 2. Nf3 Nc6 3. d4 cxd4 4. Nxd4 Nf6 5. Nc3 d6 6. Bg5 e6 7. Qd2 a6 8. Nxc6 bxc6 9. O-O-O Be7 10. Bxf6 gxf6 11.
Bc4 Qb6 12. Bb3 Qc5 13. Rhe1 a5 14. Na4 Qb4 15. c3 Qb5 16. c4 Qb4 17. Qxb4 axb4 18.
Nb6 Rb8 19. Nxc8 Rxc8 20. f4 Kd7 21. e5 fxe5 22. fxe5 d5 23. Kb1 h5 24. cxd5 cxd5 25. Ba4+ Kc7 26. Rc1+ Kb6 27. Rxc8 Rxc8 28. Rf1 Rf8 29.
g3 f6 30. exf6 Rxf6 31. Rxf6 Bxf6 32. Bd1 h4 33. gxh4 Bxh4 34. Bg4 e5 35. Kc2 Be7 36. Bf5 e4 37. Kd2 Kc5 38. Ke3 Bg5+ 39. Ke2 Kd4 40. a4 Ke5 41. Bd7 d4 42. Bb5 Kd5 43. b3 Bd8 44.
Bc4+ Ke5 45. h3 Kf4 46. Bb5 Kg3 47. Bd7 d3+ 48. Ke3 Bg5+ 49. Kxe4 d2 50. Bg4 Kf2 51. a5 Bd8 52. a6 Bb6 53. h4 Kg3 54. Kf5 Kxh4 55.
Bd1 Kg3 56. Ke4 Kf2 57. Kd5 Ke1 58. Bg4 d1=Q+ 59. Bxd1 Kxd1 60. Kc4 Kc2 61. Kxb4 Kd3 62. Kb5 Bf2 63. b4 Kc3 64. Ka5 Kc4 65. b5 Be1+ 66.
Kb6 Kd5 67. Kb7 Bf2 68. b6 1-0

[Event "*** Titled Tuesday Blitz"]
[Site "Chess.com"]
[Date "2020.04.28"]
[Round "8"]
[White "dbrankovic68"]
[Black "enriquetejedor"]
[Result "1-0"]
[WhiteElo "2382"]
[BlackElo "2500"]
[TimeControl "180+1"]
[EndTime "11:37:12 PDT"]
[Termination "dbrankovic68 won on time"]

1. e4 c5 2. Nf3 Nc6 3. Bb5 Nf6 4. e5 Nd5 5. Nc3 Nc7 6. Bxc6 dxc6 7. h3 Bf5 8. d3 g6 9. O-O Bg7 10. a4 b6 11. Re1 O-O 12. Ne2 Be6 13. Nf4 Qd7 14. Ng5 Rad8 15. Qe2 Bf5 16. a5 Be6 17. axb6 axb6 18.
Ra7 Ra8 19. Rxa8 Rxa8 20. Bd2 h6 21. Ngxe6 Nxe6 22. Nxe6 Qxe6 23. Bc3 h5 24. Qe4 Qd5 25.
Qh4 e6 26. Qe7 Qd8 27. Qb7 Rc8 28. Ra1 Qc7 29. Qxc7 Rxc7 30. Ra8+ Bf8 31. Rb8 b5 32. b3 c4 33. Bb4 c5 34. Ba5 cxb3 35. cxb3 Rd7 36. Rd8 Rxd8 37. Bxd8 Bg7 38. Bc7 Bf8 39. Kf1 Kg7 40. Ke2 f5 41. exf6+ Kxf6 42. Ke3 Ke7 43. Ke4 Kd7 44. Be5 Bd6 45. f4 Be7 46. g4 hxg4 47.
hxg4 Bf8 48. Bf6 Bd6 49. Bg7 Be7 50. Be5 Bf8 51. Bc3 Be7 52. Be1 Bd6 53. Bc3 Kc6 54. Be5 Be7 55. Bb8 Bf6 56. Be5 Bd8 57. Ke3 Kd7 58. Ke4 Kc6 59. Bb8 Bf6 60. Be5 Bh4 61. g5 Be1 62. Bb2 Kd6 63. Be5+ Kd7 64. Bg7 Kd6 65.
Bf8+ Kc6 66. Ke5 Bd2 67. Bh6 1-0

[Event "*** Titled Tuesday Blitz"]
[Site "Chess.com"]
[Date "2020.04.28"]
[Round "8"]
[White "Aureliano-Buendia"]
[Black "AleksanderHnydiuk"]
[Result "1-0"]
[WhiteElo "2448"]
[BlackElo "2561"]
[TimeControl "180+1"]
[EndTime "11:37:13 PDT"]
[Termination "Aureliano-Buendia won by checkmate"]

1. d4 Nf6 2. c4 c5 3. d5 b5 4. f3 g6 5. e4 Bg7 6. Be3 d6 7.
cxb5 O-O 8. Nc3 e6 9. Bc4 a6 10. dxe6 fxe6 11. e5 Nh5 12. Qb3 d5 13. Bxd5 exd5 14. Nxd5 c4 15. Qxc4 Be6 16. Rd1 axb5 17. Qxb5 Qa5+ 18. Qxa5 Rxa5 19. Nc3 Bxe5 20. Nge2 Bc4 21.
a3 Nc6 22. Nd4 Nxd4 23. Bxd4 Nf4 24. Bxe5 Rxe5+ 25. Kd2 Rd8+ 26. Kc2 Bd3+ 27. Kb3 Nxg2 28. Rd2 Bc4+ 29. Kc2 Ne3+ 30. Kc1 Rxd2 31. Kxd2 Nf5 32.
Ne4 Bd5 33. Re1 Bxe4 34. fxe4 Nd6 35. Kd3 Kf7 36. b4 Ke6 37. a4 Rh5 38. Re2 Rh3+ 39. Kd4 Rb3 40. Kc5 Rc3+ 41. Kb6 Kd7 42. b5 Nc8+ 43.
Ka6 Kc7 44. a5 Nd6 45. e5 Nb7 46. e6 Nc5+ 47. Ka7 Kd8 48. e7+ Ke8 49. Re5 Rc4 50.
b6 Nd7 51. b7 Rb4 52. Rd5 g5 53. Rxd7 Kxd7 54. b8=Q Rxb8 55. Kxb8 g4 56. a6 h5 57. e8=Q+ Kxe8 58. a7 h4 59. a8=Q g3 60. hxg3 hxg3 61. Qb7 g2 62. Qxg2 Ke7 63. Qf3 Kd6 64. Kb7 Kc5 65. Qc6+ Kb4 66. Kc7 Ka5 67. Kd6 Kb4 68.
Kd5 Ka5 69. Qb7 Ka4 70. Kc4 Ka5 71. Qb5# 1-0

[Event "*** Titled Tuesday Blitz"]
[Site "Chess.com"]
[Date "2020.04.28"]
[Round "8"]
[White "adriangschnitzer"]
[Black "IwkooO"]
[Result "0-1"]
[WhiteElo "2404"]
[BlackElo "2577"]
[TimeControl "180+1"]
[EndTime "11:37:13 PDT"]
[Termination "IwkooO won by checkmate"]

1. c4 c5 2. Nf3 g6 3. d4 cxd4 4.
Nxd4 Bg7 5. e4 Nc6 6. Be3 Nf6 7. Nc3 Ng4 8. Qxg4 Nxd4 9. Qd1 Ne6 10. Rc1 Qa5 11. Be2 b6 12. O-O Bb7 13. f3 g5 14. Rf2 h5 15. Bf1 Qe5 16. Rd2 d6 17.
Rd5 Bxd5 18. cxd5 Nf4 19. Qa4+ Kf8 20. Qc6 Rb8 21. Nb5 Bf6 22. Bd4 Qxd4+ 23. Nxd4 Bxd4+ 24. Kh1 Bxb2 25. Rc2 Bf6 26. Qc7 Kg7 27. Qxa7 Rhc8 28. Rxc8 Rxc8 29. g3 Rc1 30. gxf4 Rxf1+ 31. Kg2 Rb1 32.
fxg5 Bxg5 33. a4 Rb2+ 34. Kh1 Bf6 35. Qa6 Rb1+ 36. Kg2 Rb2+ 37. Kh1 Rb1+ 38. Kg2 Rb2+ 39. Kg3 Be5+ 40. f4 Rb3+ 41. Kh4 Bxf4 42. Kxh5 Be5 43. h4 Rb4 44. Kg5 Rxe4 45. Qxb6 Bf6+ 46. Kf5 Rxa4 47. Qd8 Rxh4 48. Qa8 Rh5+ 49. Ke4 Re5+ 50. Kf4 Bg5+ 51. Kg4 Bh6 52. Qa1 f5+ 53. Kh3 Kg6 54. Qg1+ Bg5 55.
Qa1 Rxd5 56. Kg3 Re5 57. Kf3 Bf6 58. Qa8 Kf7 59. Qc8 Rc5 60. Qa8 Be5 61. Qa2+ Kf6 62. Qa8 Rc3+ 63. Ke2 f4 64. Qf8+ Ke6 65. Qg8+ Kd7 66.
Qg4+ Kc7 67. Qg8 f3+ 68. Kf1 Bd4 69. Qd5 Rc1# 0-1

[Event "*** Titled Tuesday Blitz"]
[Site "Chess.com"]
[Date "2020.04.28"]
[Round "8"]
[White "Twitch_ElhamBlitz05"]
[Black "UCantHandleDenker"]
[Result "0-1"]
[WhiteElo "2705"]
[BlackElo "2583"]
[TimeControl "180+1"]
[EndTime "11:37:14 PDT"]
[Termination "UCantHandleDenker won on time"]

1. e4 c5 2. Ne2 d6 3. Nbc3 Nf6 4. g3 g6 5. Bg2 Bg7 6. O-O Nc6 7. d4 cxd4 8. Nxd4 Bd7 9. Be3 Ng4 10. Nxc6 Nxe3 11. Nxd8 Nxd1 12. Nxd1 Rxd8 13. c3 O-O 14. Ne3 Bc6 15.
Rfd1 Rc8 16. Rd2 Rc7 17. Re1 Rfc8 18. Rde2 b5 19. Nd5 Bxd5 20. exd5 Bf6 21. a3 a5 22. Re4 Rb8 23. Bf3 b4 24. cxb4 axb4 25. axb4 Rcb7 26. R1e3 Rxb4 27. Rxb4 Rxb4 28. b3 h5 29. Be2 Rd4 30. Bc4 Rd2 31. Rd3 Rb2 32. Re3 Kf8 33. Re2 Rb1+ 34.
Kg2 Bd4 35. Ra2 Kg7 36. Rd2 Bc5 37. Ra2 Kf6 38. Re2 Bd4 39. h4 Bc5 40. Re4 Rb2 41.
Rf4+ Kg7 42. Rf3 f5 43. Kf1 Kf6 44. Kg2 Ke5 45. Rf4 Bd4 46. Rf3 Bc5 47. Rf4 Kf6 48.
Kf1 Ke5 49. Ke1 Rb1+ 50. Ke2 Rb2+ 51. Kf1 Bd4 52. Rf3 Ke4 53. Kg2 Bc5 54. Bd3+ Kxd5 55. Bc4+ Ke5 56. Bf7 Kf6 57. Bc4 e5 58. Bd5 e4 59.
Bxe4 Ke5 60. Bc6 d5 61. Bb5 d4 62. Bc4 Ke4 63. Rd3 Rc2 64. Rf3 Rc3 0-1

[Event "*** Titled Tuesday Blitz"]
[Site "Chess.com"]
[Date "2020.04.28"]
[Round "8"]
[White "crazy_but_lazy"]
[Black "Nbk90"]
[Result "0-1"]
[WhiteElo "2354"]
[BlackElo "2552"]
[TimeControl "180+1"]
[EndTime "11:37:15 PDT"]
[Termination "Nbk90 won by checkmate"]

1. e4 c6 2. d4 d5 3. exd5 cxd5 4. Bd3 Nc6 5. c3 Nf6 6. Bf4 Bg4 7. Qb3 Qc8 8. Nd2 e6 9. Ngf3 Be7 10. O-O Bh5 11. a4 Bg6 12. Bxg6 hxg6 13. Ne5 Nxe5 14. Bxe5 O-O 15. Rae1 Qc6 16. Qd1 b5 17. axb5 Qxb5 18. b3 Rfc8 19. Re3 a5 20. Rh3 a4 21. bxa4 Qxa4 22. Qf3 Qc2 23. Qd3 Qxd3 24. Rxd3 Ra2 25.
Rc1 Ba3 26. Rb1 Bb2 27. Nb3 Rxc3 28. Rxc3 Bxc3 29. Nc5 Ra1 30. Rxa1 Bxa1 31. Kf1 Ng4 32. Nb3 Bc3 33. Bf4 f6 34. f3 Nh6 35. Bxh6 gxh6 36. Ke2 Kf7 37. Kd3 Bb4 38. Nc1 e5 39. Ne2 Ke6 40. g4 Bd6 41. dxe5 fxe5 42. h3 Kf6 43.
Nc3 Ke6 44. Ne2 Bb4 45. Nc1 Be1 46. Ne2 Kf6 47. Nc1 Kg5 48. Ne2 Kh4 49. f4 e4+ 50.
Ke3 Kxh3 51. f5 g5 52. f6 Kxg4 53. f7 Bb4 54. Nc3 Bc5+ 55. Ke2 Kf5 56. Nxd5 Ke6 57. Nc3 Kxf7 58. Nxe4 Be7 59. Kf3 Kg6 60. Nf2 h5 61. Kg2 Kf5 62. Nd3 Bd6 63. Ne1 g4 64. Nd3 h4 65. Nf2 g3 66. Nd1 Bc5 67. Nc3 Kg4 68. Ne2 h3+ 69. Kh1 g2+ 70. Kh2 Bd6+ 71. Kg1 Be5 72. Nc1 Bd4+ 73. Kh2 g1=Q# 0-1

[Event "*** Titled Tuesday Blitz"]
[Site "Chess.com"]
[Date "2020.04.28"]
[Round "8"]
[White "Gloomy_Wanderer"]
[Black "Kezin_Roman"]
[Result "1-0"]
[WhiteElo "2829"]
[BlackElo "2710"]
[TimeControl "180+1"]
[EndTime "11:37:16 PDT"]
[Termination "Gloomy_Wanderer won by resignation"]

1. d4 d5 2. c4 e6 3. Nf3 Nf6 4. g3 Be7 5. Bg2 O-O 6. O-O dxc4 7.
Ne5 c5 8. dxc5 Qc7 9. Nxc4 Rd8 10. Nbd2 Qxc5 11. b3 Nc6 12. Bb2 Bd7 13. Rc1 Qh5 14. e4 Qxd1 15. Rfxd1 Be8 16. e5 Nd5 17. Ne4 f6 18. Ned6 Bh5 19. Rd2 fxe5 20. Nxb7 Rd7 21. Nxe5 Nxe5 22. Bxe5 Bb4 23. Rd4 Ba3 24. Rc2 Bg6 25.
Re2 Rc8 26. Na5 Rc1+ 27. Bf1 Bc5 28. Rc4 Bd3 29. Rxc1 Bxe2 30. Bxe2 Bb6 31. Nc4 Bd8 32. f4 Nb4 33. a3 Nd5 34. Rd1 g5 35. fxg5 Bxg5 36. Bf3 a6 37. Rd3 Rb7 38. Bxd5 exd5 39. Nd6 Rc7 40. Rxd5 Rc2 41. Bf4 Bf6 42. Ne4 Be7 43.
b4 Ra2 44. Ra5 Re2 45. Nc3 Rc2 46. Nd5 Bf8 47. Rxa6 Bg7 48. Ra8+ Kf7 49. Ra7+ Kg6 50. Ne7+ Kh5 51. Nf5 Bb2 52. h3 Kg6 53. g4 Rc4 54. Be3 Re4 55. Kf2 Re8 56. Kf3 Kf6 57. Bd4+ Bxd4 58.
Nxd4 h6 59. Nf5 Ke5 60. Ra5+ Kf6 61. Nxh6 Rd8 62. Nf5 Rd3+ 63. Ne3 Rb3 64. Ke4 Ke6 65. h4 Kd7 66. Ra6 Ke7 67. h5 Kf7 68. h6 Kg8 69.
g5 Kh7 70. Ng4 Rb1 71. Ne5 Re1+ 72. Kf4 Rf1+ 73. Kg3 Rg1+ 74. Kf4 Rf1+ 75. Kg4 Rg1+ 76. Kf5 Rf1+ 77. Ke6 Re1 78. Ra7+ Kg8 79. g6 1-0

[Event "*** Titled Tuesday Blitz"]
[Site "Chess.com"]
[Date "2020.04.28"]
[Round "8"]
[White "dennisodessa"]
[Black "kleopl"]
[Result "0-1"]
[WhiteElo "2303"]
[BlackElo "2470"]
[TimeControl "180+1"]
[EndTime "11:37:16 PDT"]
[Termination "kleopl won on time"]

1. d4 Nf6 2. c4 g6 3. Nc3 d5 4. Bg5 c6 5. Bxf6 exf6 6. cxd5 Bg7 7. e3 O-O 8. dxc6 Nxc6 9. Nf3 f5 10. Be2 f4 11.
O-O Re8 12. exf4 Nxd4 13. Nxd4 Qxd4 14. Qxd4 Bxd4 15. Bf3 Bxc3 16. bxc3 Rb8 17. c4 b6 18.
Rfc1 Be6 19. a4 Rec8 20. Bd5 Rc5 21. Bxe6 fxe6 22. Ra2 Rbc8 23. Rac2 Kf7 24. g3 R8c7 25. Rd2 Ke7 26. Rdc2 a6 27. Kg2 b5 28. axb5 axb5 29. Kf3 bxc4 30. Ke4 Kf6 31. Kd4 Rd5+ 32. Ke4 Rdc5 33.
Kd4 Rh5 34. h4 Rd5+ 35. Ke3 Rd3+ 36. Ke2 Rcd7 37. Rxc4 Rd2+ 38. Kf1 Ra2 39. R4c2 Ra6 40. Kg2 h5 41. Re2 Rdd6 42. Rce1 Ra3 43. Re3 Ra2 44. R1e2 Ra1 45. Re1 Ra5 46. Re5 Raa6 47. R5e2 Rd8 48. Rb1 Rad6 49. Reb2 Rd2 50. Rxd2 Rxd2 51. Rb3 Ra2 52. Kf3 Kf5 53. Re3 Ra5 54. Rb3 Kf6 55. Re3 Ra1 56. Kg2 Rd1 57. Rc3 Rd5 58. Rc8 Kf7 59. Rh8 Kg7 60. Ra8 Kf6 61. Ra3 Rd2 62. Re3 Ra2 63. Kf3 Ra1 64. Re2 Kf5 65. Kg2 Kf6 66. Re5 Ra2 67. Re3 Rb2 68.
Kf3 Kf5 69. Re5+ Kf6 70. Re2 Rb3+ 71. Kg2 Ra3 72. f3 Rb3 73. g4 Rb4 74. Kg3 Ra4 75.
Re3 Ra1 76. Rb3 Rg1+ 77. Kh2 Ra1 78. Kg2 Ra4 79. Kg3 Ra1 80. Rb6 Rg1+ 81. Kf2 Rh1 82. Kg3 Rg1+ 83. Kh2 Ra1 84. f5 gxf5 85. gxh5 Ra8 86.
Kg3 Rg8+ 87. Kf4 Rh8 0-1

[Event "*** Titled Tuesday Blitz"]
[Site "Chess.com"]
[Date "2020.04.28"]
[Round "8"]
[White "Hanging_pointer"]
[Black "Firehand33"]
[Result "1-0"]
[WhiteElo "2615"]
[BlackElo "2721"]
[TimeControl "180+1"]
[EndTime "11:37:17 PDT"]
[Termination "Hanging_pointer won by checkmate"]

1. d4 Nf6 2. c4 e6 3. Nf3 d5 4. Nc3 c5 5. cxd5 Nxd5 6. g3 Nxc3 7. bxc3 cxd4 8. cxd4 Bb4+ 9. Bd2 Bxd2+ 10. Qxd2 b6 11. Bg2 Bb7 12. O-O O-O 13. Rac1 Be4 14.
Qf4 Qd5 15. Qe5 Nc6 16. Qxd5 Bxd5 17. a3 Rac8 18. e3 f6 19. Nd2 Bxg2 20. Kxg2 Na5 21.
Kf3 Kf7 22. Ke4 Ke7 23. Kd3 Kd7 24. e4 b5 25. f4 a6 26. g4 Nb7 27. f5 Nd6 28.
Nb3 Nb7 29. h4 a5 30. Ke3 a4 31. Nd2 Nd6 32. fxe6+ Kxe6 33. d5+ Kd7 34. Kd4 h5 35. g5 Rxc1 36. Rxc1 fxg5 37. hxg5 Rf2 38. Rd1 h4 39. e5 Nf5+ 40. Ke4 h3 41. Nf3 Ng3+ 42.
Kf4 Rf1 43. Rd2 Nh5+ 44. Kg4 g6 45. Kxh3 Nf4+ 46. Kg4 Nh5 47. e6+ Kd6 48. Re2 Kxd5 49. e7 Ng7 50. e8=Q Nxe8 51. Rxe8 Ra1 52. Rb8 Kc5 53. Ne5 Rxa3 54. Nxg6 Ra1 55. Nf4 Rg1+ 56. Kf5 a3 57. g6 a2 58. Ra8 a1=Q 59. Rxa1 Rxa1 60.
g7 Ra8 61. Ne6+ Kc4 62. Nf8 b4 63. g8=Q+ Kc3 64. Qd5 Ra3 65. Qe5+ Kc2 66. Ne6 b3 67. Nd4+ Kd3 68. Qe4+ Kc3 69. Ne6 Ra5+ 70. Kf4 b2 71. Kf3 Ra1 72. Qd4+ Kc2 73. Qe4+ Kc3 74. Qd4+ Kc2 75.
Qc4+ Kd2 76. Qb4+ Kc1 77. Qc3+ Kd1 78. Qxb2 Rc1 79. Qe2# 1-0

[Event "*** Titled Tuesday Blitz"]
[Site "Chess.com"]
[Date "2020.04.28"]
[Round "8"]
[White "Aleksandar-Topalov"]
[Black "Eliwood44"]
[Result "0-1"]
[WhiteElo "2485"]
[BlackElo "2341"]
[TimeControl "180+1"]
[EndTime "11:37:22 PDT"]
[Termination "Eliwood44 won on time"]

1. b3 d5 2. Bb2 Bf5 3. Nf3 e6 4. g3 Nf6 5. Bg2 h6 6. O-O Nbd7 7. d3 Be7 8. Nbd2 Bh7 9. Qe1 O-O 10. e4 c5 11. a4 Rc8 12. Qe2 a6 13. a5 Nb8 14.
Ne5 Nfd7 15. Nxd7 Qxd7 16. exd5 exd5 17. Bxd5 Qxd5 18. Qxe7 Nc6 19. Qe2 Nd4 20. Bxd4 cxd4 21. Nc4 h5 22. Rfe1 h4 23. f3 hxg3 24. hxg3 Qg5 25.
Kg2 Rc6 26. Qe5 f5 27. Qxd4 f4 28. g4 Rh6 29. Qf2 Bf5 30. Re5 Qg6 31. Rh1 Bc8 32. Rxh6 gxh6 33. Qh4 Bd7 34. Kf2 Bc6 35. Qe7 Re8 36. Qc5 Rf8 37. Qd4 Qf6 38. Kg2 Qh4 39. Qf2 Qxg4+ 40. Kh2 Bxf3 41. Nd2 Bc6 42. d4 Rf5 43.
Rxf5 Qxf5 44. Nf3 Qh5+ 45. Nh4 Qg5 46. c4 Be4 47. d5 Kf7 48. d6 Ke6 49. c5 Kd7 50. b4 Kc6 51. Kh3 Bd5 52. Kh2 h5 53. Kh3 Qg4+ 54. Kh2 Be6 55. Kh1 Qh3+ 56. Kg1 Bd5 57.
Ng2 Qc3 58. Nxf4 Qxb4 59. Kh2 Qe4 60. Nxd5 Qxd5 61. Qf8 Qxc5 62. Qc8+ Kxd6 63. Qxb7 Qe5+ 64. Kh3 Qe6+ 65. Kh2 Ke5 66. Qc7+ Kf5 67. Qh7+ Kg5 68. Qg7+ Qg6 69. Qe7+ Qf6 70. Qc5+ Kh6 71. Qb6 Kg6 72. Kh3 Kf5 73. Kg2 Qe6 0-1